AoeStats
← lexi.r.d

Arabia

509272807Analyzed
1v1 RM · 7d ago on Sep 26, 2026· 42m 24s· 2 players
Game mode
Random Map
Map size
Tiny (2 player)
Population
200
Speed
Normal
Resources
Standard
Victory
Conquest
Starting age
Dark Age
Ending age
Imperial Age
RankedLock teamsTeams togetherTeam positionsShared explorationLock speedFull tech treeHidden civsTurbo modeCheats
Victory
Defeat
🇺🇸 Malians · United States
530
+17
🇺🇸 Britons · United States
562
-17
Parx1
7:56 Loom
10:28 Feudal Age
11:32 Man-at-Arms
15:32 Double-Bit Axe
16:00 Scale Mail Armor
16:27 Arson
22:34 Horse Collar
24:57 Fletching
25:07 Padded Archer Armor
31:24 Castle Age
33:12 Pikeman
33:13 Long Swordsman
33:57 Squires
34:38 Crossbowman
36:42 Thumb Ring
lexi.r.d
11:24 Feudal Age
25:05 Forging
24:46 Fletching
24:57 Padded Archer Armor
26:20 Man-at-Arms
27:24 Scale Mail Armor
27:30 Scale Barding Armor
34:14 Castle Age
32:35 Double-Bit Axe
35:40 Long Swordsman
37:11 Squires
41:13 Bodkin Arrow
Connection lost

Rejoining the realm…

Still unreachable

The connection could not be restored.

Session expired

The server has moved on; the page needs a fresh start.